 Dungeon Crawl Stone Soup version 0.29.1 (webtiles) character file.

Game seed: 12127601056031061080

1575 funnyparkerb the Carver (level 8, 0/64 HPs)
             Began as a Merfolk Monk on Sept 13, 2022.
             Was a Believer of Okawaru.
             Killed by nerve-wracking pain
             ... invoked by an orc priest
              (13 damage)
             ... on level 6 of the Dungeon.
             The game lasted 00:10:54 (8100 turns).

funnyparkerb the Carver (Merfolk Monk)              Turns: 8100, Time: 00:10:55

Health: 0/64       AC: 12    Str: 12    XL:     8   Next: 91%
Magic:  10/10      EV:  7    Int:  9    God:    Okawaru [**....]
Gold:   317        SH:  5    Dex: 18    Spells: 7/7 levels left

rFire   + . .      SeeInvis .   a - +0 falchion
rCold   . . .      Faith    .   f - +0 buckler
rNeg    . . .      Spirit   .   n - +1 chain mail {rF+}
rPois   .          Reflect  .   c - +0 helmet
rElec   .          Harm     .   C - +0 cloak
rCorr   .          Rampage  .   (no gloves)
Will    .....                   (no boots)
Stlth   ..........              (no amulet)
HPRegen 0.20/turn               (no ring)
MPRegen 0.12/turn               (no ring)

@: no status effects
A: (nimble swimmer 2), mertail
a: Renounce Religion, Heroism


You were on level 6 of the Dungeon.
You worshipped Okawaru.
Okawaru was pleased with you.
You visited 2 branches of the dungeon, and saw 7 of its levels.

You collected 317 gold pieces.

Inventory:

Hand Weapons
 a - a +0 falchion (weapon)
 w - a +2 hand axe of flaming
Missiles
 m - 28 stones
 p - 2 boomerangs (quivered)
 D - 4 javelins
Armour
 c - a +0 helmet (worn)
 f - a +0 buckler (worn)
 l - a +0 ring mail
 n - a +1 chain mail of fire resistance (worn)
 C - a +0 cloak (worn)
Wands
 B - a wand of iceblast (12)
Scrolls
 d - 7 scrolls of identify
 k - 2 scrolls of magic mapping {unknown}
 o - a scroll of enchant armour {unknown}
 r - a scroll of torment {unknown}
 t - a scroll of fear {unknown}
 v - a scroll of acquirement {unknown}
 x - a scroll of poison {unknown}
 y - a scroll of teleportation {unknown}
 A - a scroll of immolation {unknown}
 E - a scroll of summoning {unknown}
Potions
 b - a potion of mutation {unknown}
 e - a potion of flight
 g - 3 potions of curing
 h - a potion of cancellation
 i - 2 potions of might
 q - 2 potions of berserk rage {unknown}
 s - a potion of brilliance {unknown}
 u - a potion of heal wounds {unknown}
 z - a potion of degeneration {unknown}


   Skills:
 - Level 6.0 Fighting
 + Level 8.4 Long Blades
 - Level 3.0 Armour
 - Level 7.0 Dodging
 - Level 2.1 Stealth
 - Level 3.0 Shields
 - Level 3.0 Invocations


You had 7 spell levels left.
You didn't know any spells.
Your spell library contained the following spells:

 Spells                   Type           Power      Damage    Failure   Level
 Necrotise                Necr           0%         1d4       100%        1
 Gell's Gravitas          Tloc           0%         N/A       100%        3
 Teleport Other           Tloc           0%         N/A       100%        3
 Vampiric Draining        Necr           0%         2d6       100%        3
 Cause Fear               Hex            0%         N/A       100%        4
 Agony                    Necr           0%         N/A       100%        5
 Dispersal                Tloc           0%         N/A       100%        6
 Dragon Form              Tmut           0%         N/A       100%        7
 Dragon's Call            Summ           Unusable   N/A       N/A         9

Dungeon Overview and Level Annotations

Branches:
Dungeon (6/15)             Temple (1/1) D:6

Altars:
Ashenzari
Cheibriados
Dithmenos
Gozag
Hepliaklqana
Kikubaaqudgha
Makhleb
Nemelex Xobeh
Okawaru
Qazlal
Ru
Sif Muna
Uskayaw
Vehumet
Wu Jian
Xom
Yredelemnul
Zin
The Shining One


Innate Abilities, Weirdness & Mutations

((You are very nimble when in or above water. (Stealth+, EV+, Speed+++)))
Your lower body shifts to a powerful aquatic tail in water.


Message History

The orc attacks as you move away! The orc barely misses you.
Things that are here:
a +0 falchion; a +0 leather armour; the human corpse of Eustachio You slash the orc!
You kill the orc!
Okawaru accepts your kill.
You feel like a meek peon again.
The orc priest mumbles some strange prayers to Beogh against you.
Beogh smites you!
Items here: " ) [ †.
You hit the orc.
The orc is severely wounded.
The orc closely misses you.
The orc priest invokes the aid of Beogh against you.
Beogh smites you!
You hit the orc.
You kill the orc!
The orc priest barely misses you.
Items here: ( )) [ †.
You barely miss the orc priest. You block the orc priest's attack.
The orc priest calls down the wrath of Beogh upon you.
Beogh smites you!
* * * LOW HITPOINT WARNING * * *
You hit the orc priest.
The orc priest is moderately wounded.
The orc priest hits you with a +0 mace.
* * * LOW HITPOINT WARNING * * *
You hit the orc priest.
The orc priest is heavily wounded.
The orc priest hits you but does no damage.
As you read the scroll labelled TOQUPRO POTZARGH, it crumbles to dust.
It is a scroll of identify.
j - a scroll of fog You block the orc priest's attack.
The orc priest looks encouraged for a moment.
As you read the scroll of fog, it crumbles to dust.
The scroll dissolves into smoke.
You block the orc priest's attack.
The orc priest invokes the aid of Beogh against you.
Pain shoots through your body!
You die...

##............#
....##.######.# ##..##.#
#.# #..##.# #.# #..##.##
#.# #..##..# #.#
#..###.# #.# . #..# #.#
##.#######....
#..###.####..§§@§ooo....
###...###....#######....
#.⌠.# #.#.## .
####...###...#
#..........###
#.⌠..>..⌠..#
#.........## ####...####
#.⌠.# ###


You could see an orc priest.

Vanquished Creatures
  Eustachio (D:6)
  A water moccasin (D:5)
  4 ice beasts
  A black bear (D:5)
  An ogre (D:5)
  A centaur (D:6)
  A kobold brigand (D:5)
  A necrophage (D:6)
  A howler monkey (D:4)
  A gnoll bouda (D:6)
  An orc priest (D:3)
  2 hounds (D:5)
  4 iguanas
  6 orc wizards
  Robin (D:2)
  5 adders
  2 shadow imps
  A worm (D:5)
  3 dart slugs
  24 orcs
  2 endoplasms
  2 giant cockroaches (D:2)
  14 goblins
  6 hobgoblins
  4 quokkas
  3 ball pythons
  4 frilled lizards
  15 kobolds
  6 rats
118 creatures vanquished.

Vanquished Creatures (others)
  29 plants (D:2)
29 creatures vanquished.

Grand Total: 147 creatures vanquished

Notes
Turn   | Place    | Note
-------+----------+-------------------------------------------
     0 | D:1      | funnyparkerb the Merfolk Monk began the quest for the Orb.
     0 | D:1      | Reached XP level 1. HP: 18/18 MP: 1/1
   301 | D:1      | Reached skill level 4 in Long Blades
   526 | D:1      | Reached XP level 2. HP: 23/24 MP: 2/2
   677 | D:1      | Found a faded altar of an unknown god.
  1112 | D:2      | Noticed Robin
  1353 | D:2      | Reached XP level 3. HP: 27/29 MP: 3/3
  1378 | D:1      | Reached skill level 5 in Long Blades
  1454 | D:2      | Killed Robin
  1645 | D:2      | Identified the +1 robe of Protective Custody {+Blink Int+4
                  | SInv Stlth-}
  2186 | D:2      | Reached XP level 4. HP: 35/35 MP: 4/4
  2542 | D:3      | Reached skill level 6 in Long Blades
  2914 | D:3      | Found a shimmering altar of Xom.
  2960 | D:3      | Reached XP level 5. HP: 32/41 MP: 5/5
  3096 | D:3      | Reached skill level 7 in Long Blades
  3163 | D:3      | Found a burning altar of Makhleb.
  3163 | D:3      | Found a glowing silver altar of Zin.
  3163 | D:3      | Found an opulent altar of Gozag.
  3624 | D:3      | Reached XP level 6. HP: 34/48 MP: 6/6
  3631 | D:3      | Reached skill level 1 in Shields
  3825 | D:3      | Found a basalt altar of Yredelemnul.
  3899 | D:3      | Found an ornate altar of the Wu Jian Council.
  4344 | D:4      | Reached skill level 1 in Armour
  4801 | D:5      | Entered Level 5 of the Dungeon
  4854 | D:5      | Noticed an ice beast
  4898 | D:5      | Reached skill level 5 in Dodging
  5239 | D:5      | Reached XP level 7. HP: 34/55 MP: 7/7
  5732 | D:5      | Reached skill level 5 in Fighting
  6478 | D:5      | Reached XP level 8. HP: 37/64 MP: 8/8
  6747 | D:6      | Found a staircase to the Ecumenical Temple.
  6758 | Temple   | Entered the Ecumenical Temple
  6841 | Temple   | Became a worshipper of Warmaster Okawaru
  6841 | Temple   | Reached * piety under Okawaru
  6841 | Temple   | Reached ** piety under Okawaru
  7011 | D:6      | Reached skill level 1 in Invocations
  7963 | D:6      | Found a broken altar of Ashenzari.
  8062 | D:6      | Noticed Eustachio
  8088 | D:6      | Killed Eustachio
  8089 | D:6      | Reached skill level 8 in Long Blades
  8100 | D:6      | Killed from afar by an orc priest

Illustrated notes

Levels and vault maps discovered:
D:1:      lemuel_arrival_funnel, layout_basic, ebering_ecumenical_altar_ruins
D:2:      layout_basic, serial_bayou, serial_bayou_pond_e,
          serial_bayou_lagoon_a, serial_bayou_lake_a, serial_bayou_pond_a,
          nicolae_figureground_sparkle, uniq_robin
D:3:      layout_loops_ring, nicolae_wu_jian_glorious_leap,
          overflow_temple_1_default, grunt_temple_overflow_open
D:4:      layout_loops_ring, hangedman_abyss_or_decor_stabs
D:5:      layout_gridville, st_stairs_3
D:6:      layout_loops_ring, marbit_many_paths, minmay_temple_entry_junction,
          nicolae_elevator_lobby_plus, uniq_eustachio
Temple:   minmay_temple_bridge_abc

Skill      XL: |  1  2  3  4  5  6  7  8 |
---------------+-------------------------+-----
Long Blades    | 4 5 6 7 8 |  8.4
Shields        | 1 2 3 |  3.0
Fighting       | 4 5 6 |  6.0
Armour         | 1 2 3 |  3.0
Dodging        | 5 6 7 |  7.0
Invocations    | 3 |  3.0
Stealth        | |  2.1

Action                   |  1- 3 |  4- 6 |  7- 9 || total
-------------------------+-------+-------+-------++-------
Melee: Falchion          |   116 |   219 |   227 ||   562
       Hand axe          |       |       |     5 ||     5
Throw: Boomerang         |       |     1 |     6 ||     7
Invok: Heroism           |       |       |     4 ||     4
  Use: Potion            |     1 |       |     4 ||     5
       Scroll            |       |       |     2 ||     2
 Stab: Sleeping          |     5 |     2 |       ||     7
       Distracted        |       |     1 |       ||     1
Armor: Robe              |     1 |       |       ||     1
       Ring mail         |    52 |    49 |    48 ||   149
       Chain mail        |       |       |    29 ||    29
Dodge: Dodged            |    64 |    99 |   119 ||   282
Block: Buckler           |    19 |    34 |    59 ||   112
